 Dungeon Sprint DCSS version 0.22.1-2-g9c5b331 (webtiles) character file.

23268 diana the Severer (level 13, -8/77 HPs)
             Began as a Vine Stalker Fighter on Dec 20, 2018.
             Was the Champion of Qazlal.
             Shot themself with a blast of ice (30 damage)
             ... in the Dungeon (Sprint III: "The Ten Rune Challenge").
             The game lasted 00:19:31 (2531 turns).

diana the Severer (Vine Stalker Fighter)            Turns: 2531, Time: 00:19:32

Health: -8/77      AC: 13    Str: 24    XL:     13   Next: 5%
Magic:  0/25       EV: 13    Int:  6    God:    Qazlal [******]
Gold:   2030       SH: 21    Dex: 14    Spells: 12/12 levels left

rFire    . . .     SeeInvis .   a - +0 war axe
rCold    . . .     Gourm    .   c - +0 shield
rNeg     . . .     Faith    .   m - +0 ring mail (curse)
rPois    .         Spirit   +   k - +1 hat {MR+}
rElec    .         Reflect  .   (no cloak)
rCorr    .         Harm     .   (no gloves)
MR       ++...     NoTele   +   (no boots)
Stlth    ..........             (no amulet)
HPRegen  1.02/turn              (no ring)
MPRegen  0.19/turn              (no ring)

@: protected from physical damage, constricted, repel missiles
A: fangs 3, hooves 1, yellow scales 1, dopey 1, sense surroundings 1,
regeneration 2, evolution 1, magic shield, antimagic bite, no potion heal 3, rot
immunity
a: Upheaval, Elemental Force, Disaster Area, Renounce Religion


You were in the Dungeon.
You worshipped Qazlal.
Qazlal was exalted by your worship.
You were hungry.

You visited 1 branch You collected 2030 gold pieces.

Inventory:

Hand Weapons
 a - a +0 war axe (weapon)
Missiles
 t - 5 throwing nets (quivered)
Armour
 b - a +0 scale mail
 c - a +0 shield (worn)
 k - a +1 hat of magic resistance (worn)
 l - a +0 chain mail
 m - a cursed +0 ring mail (worn)
 w - a +0 helmet
Wands
 d - a wand of digging (5)
 v - a wand of flame (10)
Scrolls
 n - 3 scrolls of holy word
 o - a scroll of fog {unknown}
 q - a scroll of immolation {unknown}
 r - 2 scrolls of remove curse
 u - 10 scrolls of identify
Potions
 e - a potion of curing
 g - 3 potions of heal wounds
 h - a potion of haste
 i - a potion of magic
 j - a potion of mutation
 p - a potion of flight
 x - a potion of might
 z - 2 potions of invisibility {unknown}
Miscellaneous
 s - a phial of floods
Comestibles
 f - 18 rations


   Skills:
 + Level 13.4 Fighting
 - Level 16.0 Axes
 - Level 9.3 Armour
 - Level 9.0 Dodging
 + Level 11.0 Shields
 * Level 15.7 Invocations


You had 12 spell levels left.
You didn't know any spells.
Your spell library contained the following spells:

 Spells                   Type           Power        Failure   Level  Hunger
 Confusing Touch          Hex            #.....       75%         1    ##.....
 Confuse                  Hex            #.......     98%         3    ####...
 Gell's Gravitas          Tloc           #.........   98%         3    ####...
 Petrify                  Tmut/Erth      #.......     100%        4    #####..
 Metabolic Englaciation   Hex/Ice        #.........   100%        5    ######.
 Yara's Violent Unravell  Hex/Tmut       #.........   100%        5    ######.


Dungeon Overview and Level Annotations

Branches:
Dungeon (1/1)

Altars:
Cheibriados
Dithmenos
Elyvilon
Fedhas
Gozag
Hepliaklqana
Kikubaaqudgha
Makhleb
Nemelex Xobeh
Okawaru
Qazlal
Ru
Sif Muna
Trog
Uskayaw
Vehumet
Wu Jian
Xom
Yredelemnul
Zin
The Shining One
Beogh
Jiyva
Lugonu

Shops:
D ?

Annotations:
D exclusion: orange crystal statue


Innate Abilities, Weirdness & Mutations

You have razor-sharp teeth.
You heal very quickly.
When hurt, damage is shared between your health and your magic reserves.
Your bite disrupts and absorbs the magic of your enemies.
Potions cannot restore your health.
You are immune to rotting.
You have large cloven feet.
You are partially covered in yellow scales. (AC +2)
You are dopey. (Int -2)
You passively map a small area around you.
You evolve.


Message History

You have reached level 13!
An adder comes into view.
The anaconda is engulfed in freezing vapours.
The anaconda seems to slow down.
The anaconda bites you!
You feel protected from physical attacks.
* * * LOW HITPOINT WARNING * * *
The anaconda constricts you.
Aiming: Upheaval
Press: ? - help, Dir - move target cursor, f/p - anaconda
Aim: an anaconda (severely wounded, slow, encased in ice) That beam is likely to hit you.
Continue anyway?
A blizzard blasts the area with ice!
The blast of ice hits the anaconda.
You kill the anaconda!
Qazlal accepts your kill.
Training target 16.0 for Axes reached!
Your Axes skill increases to level 16!
Your Shields skill increases to level 11!
The blast of ice hits you!
You die...

......†.†♣♣ ♣...## *
, #########'♣ ♣♣.##.*
** ≈ * ....†...†.♣
♣..#.## ,*
...########♣♣
♣♣.##.#* , *
≈...........♣ ♣♣.##.#
* , , ≈≈..........♣
♣.....# , *
########'############
* * * #†††...§.S§.##
, , #......§.@†§.# ,
###########S.#*≈ , **
** , , ,,, .# ≈ ≈ , ,
,, # ≈ ≈ ≈ , * * * *
, , ,, , , ≈ * ≈ ≈ *
* * , ≈ *


You could see an anaconda and an adder.

Vanquished Creatures
  Rupert (D)
  Harold (D)
  Gastronok (D)
  2 dire elephants (D)
  Erolcha (D)
  An anaconda (D)
  4 death yaks (D)
  A skeletal warrior (D)
  Joseph (D)
  A lindwurm (D)
  2 orc sorcerers (D)
  A crystal guardian (D)
  A deep elf mage (D)
  2 elephants (D)
  2 spiny frogs (D)
  4 black mambas (D)
  A rime drake (D)
  A komodo dragon (D)
  A queen bee (D)
  2 spriggan defenders (D)
  An orc high priest (D)
  A tyrant leech (D)
  A hornet (D)
  8 blink frogs (D)
  3 wandering mushrooms (D)
  4 redbacks (D)
  A shadow (D)
  A spatial vortex (D)
  A floating eye (D)
  A swamp drake (D)
  A water moccasin (D)
  3 orc warriors (D)
  A necrophage (D)
  5 two-headed ogres (D)
  A water elemental (D)
  A scorpion (D)
  32 killer bees (D)
  A jelly (D)
  5 orc wizards (D)
  An orc priest (D)
  A wizard (D)
  A necromancer (D)
  3 humans (D)
  A kobold demonologist (D)
  6 adders (D)
  An ooze (D)
  7 orcs (D)
  3 rats (D)
  3 plants (D)
130 creatures vanquished.

Vanquished Creatures (others)
  3 deep elf blademasters (D)
  2 draconian scorchers (D)
  2 hydras (D)
  6 hellions (D)
  3 yaktaurs (D)
  2 spriggan defenders (D)
  A hornet (D)
  2 orc high priests (D)
  An electric eel (D)
  An orc priest (D)
  6 ball lightnings (D)
  3 ballistomycetes (D)
  A ballistomycete spore (D)
  A bush (D)
  44 plants (D)
78 creatures vanquished.

Grand Total: 208 creatures vanquished

Notes
Turn   | Place    | Note
-------+----------+-------------------------------------------
     0 | D        | diana the Vine Stalker Fighter began the quest for the Orb.
     0 | D        | Reached XP level 1. HP: 11/11 MP: 2/2
     4 | D        | Reached skill level 2 in Axes
    24 | D        | Reached skill level 1 in Dodging
    24 | D        | Reached XP level 2. HP: 14/16 MP: 3/3
    54 | D        | Noticed a scorpion
    67 | D        | Killed a scorpion
    67 | D        | Reached skill level 4 in Axes
    67 | D        | Reached XP level 3. HP: 21/21 MP: 4/4
    77 | D        | Killed a hellion
    83 | D        | HP: 1/21 [human (3)]
    86 | D        | Gained mutation: Your natural rate of healing is unusually
                  | fast. [Vine Stalker growth]
    86 | D        | Reached XP level 4. HP: 1/25 MP: 5/5
    91 | D        | Killed a hellion
    94 | D        | Killed a yaktaur
   118 | D        | Gained mutation: You tend to lose your temper in combat.
                  | [potion of mutation]
   118 | D        | Gained mutation: You are partially covered in yellow
                  | scales. (AC +2) [potion of mutation]
   118 | D        | Gained mutation: Your mind is acute. (Int +2) [potion of
                  | mutation]
   119 | D        | Lost mutation: You tend to lose your temper in combat.
                  | [potion of mutation]
   119 | D        | Lost mutation: Your mind is acute. (Int +2) [potion of
                  | mutation]
   119 | D        | Gained mutation: You have large cloven feet. [potion of
                  | mutation]
   119 | D        | Gained mutation: You are weak. (Str -2) [potion of
                  | mutation]
   119 | D        | Gained mutation: You are resistant to hostile enchantments.
                  | (MR+) [potion of mutation]
   120 | D        | Lost mutation: You are resistant to hostile enchantments.
                  | (MR+) [potion of mutation]
   120 | D        | Lost mutation: You are partially covered in yellow scales.
                  | (AC +2) [potion of mutation]
   120 | D        | Lost mutation: You are weak. (Str -2) [potion of mutation]
   120 | D        | Gained mutation: You are dopey. (Int -2) [potion of
                  | mutation]
   120 | D        | Gained mutation: You passively map a small area around you.
                  | [potion of mutation]
   120 | D        | Gained mutation: You are partially covered in yellow
                  | scales. (AC +2) [potion of mutation]
   120 | D        | Gained mutation: You evolve. [potion of mutation]
   122 | D        | Killed a hellion
   124 | D        | Killed a hellion
   127 | D        | Killed a white draconian scorcher
   147 | D        | Killed a hellion
   155 | D        | Noticed a water elemental
   157 | D        | Killed a water elemental
   157 | D        | Reached skill level 5 in Axes
   157 | D        | Reached XP level 5. HP: 30/30 MP: 6/6
   158 | D        | Killed a hellion
   162 | D        | Found a radiant altar of Vehumet.
   162 | D        | Found a deep blue altar of Sif Muna.
   162 | D        | Found an ancient bone altar of Kikubaaqudgha.
   169 | D        | Reached skill level 6 in Axes
   178 | D        | Found a glowing silver altar of Zin.
   179 | D        | Found a glowing golden altar of the Shining One.
   179 | D        | Found a white marble altar of Elyvilon.
   179 | D        | Noticed a deep elf mage
   185 | D        | Killed a deep elf mage
   185 | D        | Reached skill level 8 in Axes
   185 | D        | Reached skill level 5 in Armour
   185 | D        | Reached skill level 5 in Dodging
   185 | D        | Reached XP level 6. HP: 30/36 MP: 7/7
   185 | D        | Reached XP level 7. HP: 33/40 MP: 8/8
   188 | D        | Found a hide-covered altar of Uskayaw.
   188 | D        | Found a roughly hewn altar of Beogh.
   188 | D        | Found an iron altar of Okawaru.
   188 | D        | Found a bloodstained altar of Trog.
   188 | D        | Found an ornate altar of the Wu Jian Council.
   188 | D        | Noticed a human
   188 | D        | Noticed a human
   189 | D        | Killed a white draconian scorcher
   190 | D        | Killed a human
   197 | D        | Killed a human
   197 | D        | Reached skill level 9 in Axes
   238 | D        | Found a basalt altar of Yredelemnul.
   238 | D        | Found a shadowy altar of Dithmenos.
   238 | D        | Found a sacrificial altar of Ru.
   240 | D        | Gained mutation: You have razor-sharp teeth. [Vine Stalker
                  | growth]
   240 | D        | Reached XP level 8. HP: 45/45 MP: 9/9
   269 | D        | Noticed a shadow
   275 | D        | Killed a shadow
   283 | D        | Found a blossoming altar of Fedhas.
   283 | D        | Found a stormy altar of Qazlal.
   284 | D        | Found a snail-covered altar of Cheibriados.
   284 | D        | Found a burning altar of Makhleb.
   284 | D        | Found a hazy altar of Hepliaklqana.
   284 | D        | Found a shimmering altar of Xom.
   284 | D        | Found an opulent altar of Gozag.
   284 | D        | Found a sparkling altar of Nemelex Xobeh.
   284 | D        | Found a corrupted altar of Lugonu.
   284 | D        | Found a viscous altar of Jiyva.
   292 | D        | Reached skill level 10 in Axes
   298 | D        | Became a worshipper of Qazlal Stormbringer
   319 | D        | Reached skill level 1 in Invocations
   330 | D        | Reached * piety under Qazlal
   337 | D        | Noticed a two-headed ogre
   341 | D        | Killed a two-headed ogre
   341 | D        | Reached XP level 9. HP: 4/51 MP: 0/12
   473 | D        | Noticed a two-headed ogre
   473 | D        | Noticed Erolcha
   494 | D        | Killed a two-headed ogre
   494 | D        | Reached skill level 11 in Axes
   495 | D        | Killed Erolcha
   495 | D        | Reached ** piety under Qazlal
   498 | D        | Noticed an orc sorcerer
   500 | D        | Noticed an orc sorcerer
   502 | D        | Noticed an ice devil
   510 | D        | Reached skill level 5 in Invocations
   512 | D        | Reached *** piety under Qazlal
   514 | D        | Killed an orc sorcerer
   514 | D        | Reached skill level 12 in Axes
   514 | D        | Reached XP level 10. HP: 34/58 MP: 10/15
   519 | D        | Killed an orc sorcerer
   520 | D        | Reached **** piety under Qazlal
   527 | D        | Reached ***** piety under Qazlal
   663 | D        | Found a roughly hewn altar of Beogh.
   665 | D        | Found Pysewk's Magic Scroll Emporium.
   905 | D        | Killed a seven-headed hydra
   977 | D        | Reached ****** piety under Qazlal
   977 | D        | Reached skill level 13 in Axes
   989 | D        | Reached skill level 10 in Fighting
  1060 | D        | Noticed Harold
  1060 | D        | Noticed Joseph
  1073 | D        | Killed Harold
  1073 | D        | Reached XP level 11. HP: 20/64 MP: 6/18
  1077 | D        | Killed Joseph
  1182 | D        | Noticed a skeletal warrior
  1217 | D        | Killed a skeletal warrior
  1217 | D        | Reached skill level 14 in Axes
  1249 | D        | Killed a six-headed hydra
  1326 | D        | Paralysed by a floating eye for 2 turns
  1329 | D        | Reached skill level 10 in Invocations
  1448 | D        | Noticed a crystal guardian
  1648 | D        | Killed a crystal guardian
  1649 | D        | Killed a deep elf blademaster
  1881 | D        | Noticed an orange crystal statue
  1891 | D        | Killed a deep elf blademaster
  1991 | D        | Noticed a lindwurm
  2001 | D        | Killed a lindwurm
  2068 | D        | Noticed Rupert
  2092 | D        | Noticed a dire elephant
  2096 | D        | Killed Rupert
  2096 | D        | Reached skill level 15 in Axes
  2096 | D        | Gained mutation: You heal very quickly. [Vine Stalker
                  | growth]
  2096 | D        | Reached XP level 12. HP: 24/71 MP: 12/22
  2096 | D        | Killed a deep elf blademaster
  2169 | D        | Killed a dire elephant
  2180 | D        | Noticed Gastronok
  2185 | D        | Killed Gastronok
  2191 | D        | Noticed a dire elephant
  2215 | D        | Killed a dire elephant
  2215 | D        | Reached skill level 10 in Shields
  2309 | D        | Noticed an azure jelly
  2310 | D        | Noticed an azure jelly
  2312 | D        | Noticed an azure jelly
  2312 | D        | Noticed an azure jelly
  2335 | D        | Noticed a death yak
  2342 | D        | Noticed a death yak
  2342 | D        | Noticed a death yak
  2345 | D        | Noticed a death yak
  2370 | D        | Killed a death yak
  2377 | D        | Killed a death yak
  2377 | D        | Reached skill level 15 in Invocations
  2457 | D        | Killed a death yak
  2466 | D        | Killed a death yak
  2521 | D        | Noticed an anaconda
  2529 | D        | Noticed an anaconda
  2530 | D        | Reached XP level 13. HP: 32/77 MP: 8/25
  2531 | D        | Reached skill level 16 in Axes
  2531 | D        | Shot themself with a blast of ice

Skill      XL: |  1  2  3  4  5  6  7  8  9 10 11 12 13 |
---------------+----------------------------------------+-----
Axes           | 2 4 5 8 9 10 12 13 15 16 | 16.0
Fighting       | 3 4 6 7 9 10 12 13 | 13.4
Shields        | 3 4 6 7 9 10 11 | 11.0
Dodging        | 1 2 3 5 6 8 9 |  9.0
Armour         | 3 4 5 6 7 8 9 |  9.3
Invocations    | 2 5 9 13 15 | 15.7

Action                   |  1- 3 |  4- 6 |  7- 9 | 10-12 | 13-15 || total
-------------------------+-------+-------+-------+-------+-------++-------
Melee: War axe           |    18 |    13 |    57 |   274 |       ||   362
       Bite              |     6 |     3 |    20 |    97 |       ||   126
       Kick              |       |     4 |    28 |   116 |       ||   148
Throw: Throwing net      |       |       |       |     2 |       ||     2
Invok: Upheaval          |       |       |     2 |    42 |       ||    44
       Disaster Area     |       |       |       |     2 |       ||     2
       Elemental Force   |       |       |       |     3 |       ||     3
Evoke: Phial of floods   |       |       |       |     1 |       ||     1
  Use: Potion            |     2 |     4 |     2 |       |       ||     8
       Scroll            |       |     4 |       |     1 |       ||     5
 Stab: Distracted        |       |     1 |       |       |       ||     1
       Held in net/web   |       |       |       |     1 |       ||     1
  Eat: Chunk             |       |       |       |     5 |       ||     5
Armor: Chain mail        |     8 |     6 |     2 |       |       ||    16
       Scale mail        |     1 |       |       |       |       ||     1
       Ring mail         |       |       |     4 |    35 |       ||    39
Dodge: Dodged            |     4 |     2 |    18 |    81 |       ||   105
       Deflected         |       |       |       |     2 |       ||     2
Block: Shield            |     8 |     2 |    23 |   200 |       ||   233
